Sarnia Sailors vs Erie Otters
Created - Wednesday, March 15, 2023 at 07:33
Goals
|
| Sarnia Sailors |
2 |
3 |
2 |
7 |
| Erie Otters |
0 |
1 |
2 |
3 |
|
Shots
|
| Sarnia Sailors |
9 |
16 |
21 |
46 |
| Erie Otters |
4 |
6 |
9 |
19 |
|
1st period
1. Sarnia Sailors , Dominic Toninato 4 (Keegan Kolesar 7, Vasily Podkolzin 4) at 17:33
2. Sarnia Sailors , Michael Dal Colle 1 (Dylan McLaughlin 2, Aleksi Heponiemi 2) at 18:10
Penalties :
Alex Petrovic (ERO) for Fighting (Major) at 2:01, Seth Barton (SAR) for Fighting (Major) at 2:01
2nd period
3. Sarnia Sailors , Nick Ritchie 8 (Seth Barton 3, Rob Hamilton 2) at 0:54
4. Sarnia Sailors , Keegan Kolesar 2 (Vasily Podkolzin 5, Dominic Toninato 2) at 6:46
5. Sarnia Sailors , Dominic Toninato 5 (Seth Barton 4, Keegan Kolesar 8) at 9:11
6. Erie Otters , Paul Cotter 1 (Alex Newhook 5) at 19:16 (PP)
Penalties :
Andy Andreoff (ERO) for Fighting (Major) at 7:24, Michael Dal Colle (SAR) for Fighting (Major) at 7:24, Alex Biega (ERO) for Fighting (Major) at 9:59, Seth Barton (SAR) for Fighting (Major) at 9:59, Trent Frederic (ERO) for Fighting (Major) at 10:38, David Warsofsky (SAR) for Fighting (Major) at 10:38, Trent Frederic (ERO) for instigated a fight (Minor) at 10:38, Trent Frederic (ERO) for instigated a fight (10 Minutes Misconduct) at 10:38, Connor Carrick (SAR) for Roughing (Minor) at 19:12, Andy Andreoff (ERO) for Fighting (Major) at 19:54, Rob Hamilton (SAR) for Fighting (Major) at 19:54, Andy Andreoff (ERO) for instigated a fight (Minor) at 19:54, Andy Andreoff (ERO) for instigated a fight (10 Minutes Misconduct) at 19:54
3rd period
7. Erie Otters , Sampo Ranta 2 (Paul Cotter 2) at 1:21 (SH)
8. Sarnia Sailors , Keegan Kolesar 3 (Nick Ritchie 2, Laurent Brossoit) at 7:25 (PP)
9. Sarnia Sailors , Dylan McLaughlin 1 (Michael Dal Colle 2) at 7:57
10. Erie Otters , Michael Eyssimont 1 (Sampo Ranta 1, Alex Newhook 6) at 9:26 (PP)
Penalties :
Adam Clendening (ERO) for Hooking (Minor) at 6:00, Trent Frederic (ERO) for Fighting (Major) at 7:26, Keegan Kolesar (SAR) for Fighting (Major) at 7:26, Alex Vlasic (SAR) for Hooking (Minor) at 8:51, Paul Cotter (ERO) for Fighting (Major) at 9:31, Dylan McLaughlin (SAR) for Fighting (Major) at 9:31, Ty Ronning (ERO) for Boarding (Minor) at 10:07
Goalie Stats
Laurent Brossoit (SAR), 16 saves from 19 shots - (0.842), W, 3-0-0, 60:00 minutes
Keith Kinkaid (ERO), 15 saves from 19 shots - (0.789), L, 0-3-0, 26:46 minutes
Brad Thiessen (ERO), 24 saves from 27 shots - (0.889), 33:14 minutes
Players Stats for Sarnia Sailors
Player Name G A P +/- PIM S H SB GA TA FO MP PP MP PK MP
------------------------------------------------------------------------------------
Aleksi Heponiemi 0 1 1 2 0 4 3 0 1 0 0/0 15:56 1:03 0:00
Alex Vlasic 0 0 0 2 2 4 1 1 0 0 0/0 26:18 4:23 0:04
Chris Wideman 0 0 0 -1 0 0 1 0 1 0 0/0 12:10 2:59 0:00
Connor Carrick 0 0 0 1 2 1 1 0 1 1 0/0 14:20 0:00 0:35
David Warsofsky 0 0 0 1 5 0 0 0 0 0 0/0 11:23 0:00 0:00
Dominic Toninato 2 1 3 3 0 6 0 0 1 1 1/3 21:59 2:51 0:39
Dominic Turgeon 0 0 0 1 0 0 0 0 0 0 4/5 11:16 0:52 0:00
Dylan McLaughlin 1 1 2 2 5 4 0 1 0 0 5/9 16:08 2:09 0:00
Jack Rathbone 0 0 0 1 0 4 0 0 0 1 0/0 25:30 2:59 0:00
Josh Dickinson 0 0 0 0 0 1 1 0 0 0 7/10 15:20 3:16 0:22
Keegan Kolesar 2 2 4 2 5 7 3 0 0 0 13/29 19:48 3:01 0:04
Michael Dal Colle 1 1 2 2 5 2 1 0 0 0 0/0 14:42 0:34 0:00
Mitchell Vande Sompel 0 0 0 1 0 0 2 0 0 0 0/0 13:47 0:00 0:00
Nick Ritchie 1 1 2 0 0 6 5 0 1 0 0/1 15:00 4:10 0:13
Rob Hamilton 0 1 1 3 5 0 1 2 0 0 0/0 16:03 0:00 0:39
Seth Barton 0 2 2 3 10 2 0 0 0 0 0/0 13:24 0:00 0:00
Vasily Podkolzin 0 2 2 2 0 4 1 0 1 0 0/1 22:08 4:10 0:00
Yannick Weber 0 0 0 0 0 1 1 0 0 0 0/0 14:00 4:23 0:00
Players Stats for Erie Otters
Player Name G A P +/- PIM S H SB GA TA FO MP PP MP PK MP
------------------------------------------------------------------------------------
Aaron Luchuk 0 0 0 -3 0 0 0 2 0 0 2/4 15:40 0:00 3:22
Aaron Ness 0 0 0 -1 0 0 2 1 0 1 0/0 13:07 0:00 0:00
Abbott Girduckis 0 0 0 0 0 0 0 0 0 1 0/1 7:19 0:00 0:00
Adam Brubacher 0 0 0 0 0 0 0 0 0 0 0/0 6:40 0:00 0:25
Adam Clendening 0 0 0 -1 2 0 1 0 0 0 0/0 18:48 0:00 1:57
Alec McCrea 0 0 0 -1 0 0 0 0 0 1 0/0 13:45 0:00 1:23
Alex Biega 0 0 0 -3 5 1 4 1 0 0 0/0 23:13 0:39 3:37
Alex Gallant 0 0 0 -3 0 1 0 1 0 0 0/0 13:01 0:00 0:34
Alex Newhook 0 2 2 -1 0 2 5 1 1 0 17/38 24:07 0:29 4:20
Alex Petrovic 0 0 0 -1 5 0 0 0 0 1 0/0 17:13 0:00 2:35
Alex-Olivier Voyer 0 0 0 -1 0 0 0 0 0 0 0/0 11:05 0:10 0:00
Andy Andreoff 0 0 0 0 22 1 2 0 0 0 7/9 13:22 0:00 0:14
Michael Eyssimont 1 0 1 -2 0 6 0 1 0 0 0/0 20:31 0:10 3:04
Paul Cotter 1 1 2 0 5 1 0 0 0 0 1/2 17:59 0:29 0:41
Rasmus Sandin 0 0 0 -3 0 3 0 8 0 2 0/0 27:32 0:39 4:47
Sampo Ranta 1 1 2 -1 0 3 1 2 0 0 1/1 18:28 0:10 1:54
Trent Frederic 0 0 0 -1 22 1 3 0 1 0 0/0 14:03 0:00 0:49
Ty Ronning 0 0 0 -4 2 0 0 0 1 0 0/3 16:50 0:29 0:00
3 Stars
1 - Dominic Toninato (SAR)
2 - Keegan Kolesar (SAR)
3 - Nick Ritchie (SAR)
Power Play
Sarnia Sailors - 1 on 4 Attempt(s) - 25.00%
Erie Otters - 2 on 2 Attempt(s) - 100.00%
Penalty Kill
Sarnia Sailors - 0 on 2 Attempt(s) - 0.00%
- Score 0 goal in Penalty Kill
Erie Otters - 3 on 4 Attempt(s) - 75.00%
- Score 1 goal in Penalty Kill
Team Stat
Sarnia Sailors - Hits : 21 - Faceoff Wins : 30 - Blocked Shots : 4 - Penalty Minutes : 39
Erie Otters - Hits : 18 - Faceoff Wins : 28 - Blocked Shots : 17 - Penalty Minutes : 63
Official
Referees : Wes McCauley and Brian Pochmara
Linesman : Ryan Gibbons and David Brisebois
Game Notes
Alex Petrovic and Seth Barton fight to a draw at 2:01 of 1st period
Brad Thiessen enters game at 6:46 of 2nd period
Andy Andreoff beats up Michael Dal Colle at 7:24 of 2nd period
Seth Barton beats up Alex Biega at 9:59 of 2nd period
Trent Frederic and David Warsofsky fight to a draw at 10:38 of 2nd period
Andy Andreoff and Rob Hamilton fight to a draw at 19:54 of 2nd period
Trent Frederic and Keegan Kolesar fight to a draw at 7:26 of 3rd period
Dylan McLaughlin beats up Paul Cotter at 9:31 of 3rd period
Sarnia Sailors
5 vs 5 Forward
Center Left Wing Right Wing Time % Phy DF OF
1 Keegan Kolesar Dominic Toninato Vasily Podkolzin 40 1 2 2
2 Dylan McLaughlin Aleksi Heponiemi Michael Dal Colle 30 1 2 2
3 Dominic Turgeon Nick Ritchie Connor Carrick 20 1 2 2
4 Josh Dickinson Chris Wideman Yannick Weber 10 1 2 2
5 vs 5 Defense
Defense Defense Time % Phy DF OF
1 Alex Vlasic Jack Rathbone 40 1 2 2
2 Rob Hamilton Seth Barton 30 1 2 2
3 Mitchell Vande Sompel David Warsofsky 20 1 2 2
4 Connor Carrick Alex Vlasic 10 1 2 2
PowerPlay Forward
Center Left Wing Right Wing Time % Phy DF OF
1 Keegan Kolesar Nick Ritchie Vasily Podkolzin 60 1 2 2
2 Dominic Toninato Josh Dickinson Dylan McLaughlin 40 1 2 2
PowerPlay Defense
Defense Defense Time % Phy DF OF
1 Alex Vlasic Yannick Weber 60 1 2 2
2 Jack Rathbone Chris Wideman 40 1 2 2
Penalty Kill 4 Players Forward
Center Wing Time % Phy DF OF
1 Dominic Toninato Keegan Kolesar 60 1 2 2
2 Dylan McLaughlin Michael Dal Colle 40 1 2 2
Penalty Kill 4 Players Defense
Defense Defense Time % Phy DF OF
1 Alex Vlasic Connor Carrick 60 1 2 2
2 Jack Rathbone Rob Hamilton 40 1 2 2
Penalty Kill - 3 Players Forward
Forward Time % Phy DF OF
1 Dominic Toninato 60 1 2 2
2 Dylan McLaughlin 40 1 2 2
Penalty Kill - 3 Players Defense
Defense Defense Time % Phy DF OF
1 Alex Vlasic Connor Carrick 60 1 2 2
2 Jack Rathbone Rob Hamilton 40 1 2 2
4 vs 4 Forward
Center Wing Time % Phy DF OF
1 Keegan Kolesar Vasily Podkolzin 60 1 2 2
2 Dominic Turgeon Michael Dal Colle 40 1 2 2
4 vs 4 Defense
Defense Defense Time % Phy DF OF
1 Alex Vlasic Jack Rathbone 60 1 2 2
2 Connor Carrick Yannick Weber 40 1 2 2
Last Minutes Offensive
Center Left Wing Right Wing Defense Defense
Keegan Kolesar Dominic Toninato Vasily Podkolzin Alex Vlasic Jack Rathbone
Last Minutes Defensive
Center Left Wing Right Wing Defense Defense
Dylan McLaughlin Keegan Kolesar Dominic Toninato Alex Vlasic Connor Carrick
Goaltenders
Starting : Laurent Brossoit
Backup : Matt Tomkins
Extra Forwards
Normal : Josh Dickinson, Nick Ritchie, Aleksi Heponiemi - PP : Josh Dickinson, Nick Ritchie - PK : Josh Dickinson
Extra Defensemen
Normal : Rob Hamilton, Seth Barton, Jack Rathbone - PP : David Warsofsky - PK : Rob Hamilton, Seth Barton
Penalty Shots
Aleksi Heponiemi, Keegan Kolesar, Dominic Toninato, Vasily Podkolzin, Michael Dal Colle
Erie Otters
5 vs 5 Forward
Center Left Wing Right Wing Time % Phy DF OF
1 Alex Newhook Trent Frederic Paul Cotter 40 1 2 2
2 Andy Andreoff Michael Eyssimont Sampo Ranta 30 1 2 2
3 Aaron Luchuk Alex Gallant Ty Ronning 20 1 2 2
4 Abbott Girduckis Alex Newhook Alex-Olivier Voyer 10 1 2 2
5 vs 5 Defense
Defense Defense Time % Phy DF OF
1 Rasmus Sandin Alex Biega 40 1 2 2
2 Adam Clendening Alex Petrovic 30 1 2 2
3 Aaron Ness Alec McCrea 20 1 2 2
4 Adam Brubacher Rasmus Sandin 10 1 2 2
PowerPlay Forward
Center Left Wing Right Wing Time % Phy DF OF
1 Alex Newhook Trent Frederic Paul Cotter 60 1 2 2
2 Andy Andreoff Michael Eyssimont Sampo Ranta 40 1 2 2
PowerPlay Defense
Defense Defense Time % Phy DF OF
1 Rasmus Sandin Alex Biega 60 1 2 2
2 Adam Clendening Alex Petrovic 40 1 2 2
Penalty Kill 4 Players Forward
Center Wing Time % Phy DF OF
1 Alex Newhook Trent Frederic 60 1 2 2
2 Andy Andreoff Michael Eyssimont 40 1 2 2
Penalty Kill 4 Players Defense
Defense Defense Time % Phy DF OF
1 Rasmus Sandin Alex Biega 60 1 2 2
2 Adam Clendening Alex Petrovic 40 1 2 2
Penalty Kill - 3 Players Forward
Forward Time % Phy DF OF
1 Alex Newhook 60 1 2 2
2 Trent Frederic 40 1 2 2
Penalty Kill - 3 Players Defense
Defense Defense Time % Phy DF OF
1 Rasmus Sandin Alex Biega 60 1 2 2
2 Adam Clendening Alex Petrovic 40 1 2 2
4 vs 4 Forward
Center Wing Time % Phy DF OF
1 Alex Newhook Trent Frederic 60 1 2 2
2 Andy Andreoff Michael Eyssimont 40 1 2 2
4 vs 4 Defense
Defense Defense Time % Phy DF OF
1 Rasmus Sandin Alex Biega 60 1 2 2
2 Adam Clendening Alex Petrovic 40 1 2 2
Last Minutes Offensive
Center Left Wing Right Wing Defense Defense
Alex Newhook Trent Frederic Paul Cotter Rasmus Sandin Alex Biega
Last Minutes Defensive
Center Left Wing Right Wing Defense Defense
Alex Newhook Trent Frederic Paul Cotter Rasmus Sandin Alex Biega
Goaltenders
Starting : Keith Kinkaid
Backup : Brad Thiessen
Extra Forwards
Normal : Ty Ronning, Alex-Olivier Voyer, Aaron Luchuk - PP : Ty Ronning, Alex-Olivier Voyer - PK : Aaron Luchuk
Extra Defensemen
Normal : Aaron Ness, Alec McCrea, Adam Brubacher - PP : Aaron Ness - PK : Alec McCrea, Adam Brubacher
Penalty Shots
Alex Newhook, Trent Frederic, Andy Andreoff, Michael Eyssimont, Paul Cotter
% Time on Ice - Sarnia Sailors
Lines # - Real PCT - Wanted PCT - Time Play
Normal Forward
1 - 34% - 40% - 17:40
2 - 29% - 30% - 14:49
3 - 20% - 20% - 10:19
4 - 18% - 10% - 9:11
Normal Defense
1 - 37% - 40% - 19:18
2 - 32% - 30% - 16:38
3 - 22% - 20% - 11:11
4 - 9% - 10% - 4:52
PP Forward
1 - 64% - 60% - 4:44
2 - 36% - 40% - 2:38
PP Defense
1 - 60% - 60% - 4:23
2 - 40% - 40% - 2:59
PK Forward
1 - 100% - 60% - 0:39
2 - 0% - 40% - 0:00
PK Defense
1 - 100% - 60% - 0:39
2 - 0% - 40% - 0:00
PK3 Forward
1 - 0% - 60%
2 - 0% - 40%
PK3 Defense
1 - 0% - 60%
2 - 0% - 40%
44 Forward
1 - 0% - 60%
2 - 0% - 40%
44 Defense
1 - 0% - 60%
2 - 0% - 40%
Last Minute Offensive - 0:00
Last Minute Defensive - 0:00
Total
Forward - 60:00
Defense - 60:00
|
% Time on Ice - Erie Otters
Lines # - Real PCT - Wanted PCT - Time Play
Normal Forward
1 - 39% - 40% - 20:28
2 - 29% - 30% - 15:19
3 - 20% - 20% - 10:25
4 - 11% - 10% - 5:47
Normal Defense
1 - 37% - 40% - 19:22
2 - 31% - 30% - 16:22
3 - 23% - 20% - 11:50
4 - 8% - 10% - 4:25
PP Forward
1 - 74% - 60% - 0:29
2 - 26% - 40% - 0:10
PP Defense
1 - 100% - 60% - 0:39
2 - 0% - 40% - 0:00
PK Forward
1 - 91% - 60% - 6:41
2 - 9% - 40% - 0:41
PK Defense
1 - 65% - 60% - 4:47
2 - 35% - 40% - 2:35
PK3 Forward
1 - 0% - 60%
2 - 0% - 40%
PK3 Defense
1 - 0% - 60%
2 - 0% - 40%
44 Forward
1 - 0% - 60%
2 - 0% - 40%
44 Defense
1 - 0% - 60%
2 - 0% - 40%
Last Minute Offensive - 0:00
Last Minute Defensive - 0:00
Total
Forward - 60:00
Defense - 60:00
|
Play-by-Play
1st period
0:01 of 1st period - Alex Newhook wins face-off versus Keegan Kolesar in neutral zone.
0:10 of 1st period - Snap shot by Dominic Toninato.
0:10 of 1st period - Deflect By Vasily Podkolzin.
0:10 of 1st period - Shot Blocked by Alex Newhook.
0:10 of 1st period - Puck is out of play.
0:11 of 1st period - Andy Andreoff wins face-off versus Dylan McLaughlin in Erie Otters zone.
0:24 of 1st period - Snap shot by Aleksi Heponiemi.
0:24 of 1st period - Stopped by Keith Kinkaid without a rebound.
0:25 of 1st period - Dominic Turgeon wins face-off versus Ty Ronning in Erie Otters zone.
0:26 of 1st period - Slapshot by Nick Ritchie.
0:26 of 1st period - Shot Misses the Net.
0:52 of 1st period - Keegan Kolesar is hit by Alex Newhook and loses puck.
1:45 of 1st period - Off-side.
1:46 of 1st period - Dominic Turgeon wins face-off versus Aaron Luchuk in neutral zone.
2:01 of 1st period - Alex Petrovic and Seth Barton fight to a draw.
2:01 of 1st period - Penalty to Alex Petrovic for Fighting.
2:01 of 1st period - Penalty to Seth Barton for Fighting.
2:02 of 1st period - Alex Newhook wins face-off versus Keegan Kolesar in Sarnia Sailors zone.
2:13 of 1st period - Rasmus Sandin is hit by Keegan Kolesar and loses puck.
2:33 of 1st period - Icing by Alex Vlasic.
2:34 of 1st period - Andy Andreoff wins face-off versus Dylan McLaughlin in Sarnia Sailors zone.
2:42 of 1st period - Off-side.
2:43 of 1st period - Andy Andreoff wins face-off versus Keegan Kolesar in neutral zone.
2:54 of 1st period - Snap shot by Vasily Podkolzin.
2:54 of 1st period - Stopped by Keith Kinkaid with a rebound.
2:56 of 1st period - Snap shot by Dominic Toninato.
2:56 of 1st period - Stopped by Keith Kinkaid with a rebound.
2:58 of 1st period - Backhand shot by Keegan Kolesar.
2:58 of 1st period - Stopped by Keith Kinkaid with a rebound.
4:33 of 1st period - Wrist shot by Alex Newhook.
4:33 of 1st period - Shot Misses the Net.
4:43 of 1st period - Dylan McLaughlin is hit by Adam Clendening and loses puck.
5:17 of 1st period - Wrist shot by Dylan McLaughlin.
5:17 of 1st period - Shot Blocked by Aaron Ness.
5:33 of 1st period - Snap shot by Andy Andreoff.
5:33 of 1st period - Shot Misses the Net.
5:47 of 1st period - Wrist shot by Michael Eyssimont.
5:47 of 1st period - Stopped by Laurent Brossoit with a rebound.
6:05 of 1st period - Snap shot by Andy Andreoff.
6:05 of 1st period - Shot Blocked by Rob Hamilton.
6:07 of 1st period - Slapshot by Sampo Ranta.
6:07 of 1st period - Stopped by Laurent Brossoit with a rebound.
6:09 of 1st period - Snap shot by Sampo Ranta.
6:09 of 1st period - Shot Misses the Net.
6:11 of 1st period - Snap shot by Sampo Ranta.
6:11 of 1st period - Deflect By Andy Andreoff.
6:11 of 1st period - Shot Misses the Net.
6:11 of 1st period - Puck is out of play.
6:12 of 1st period - Keegan Kolesar wins face-off versus Alex Newhook in Sarnia Sailors zone.
6:12 of 1st period - Keegan Kolesar is hit by Alex Biega.
14:43 of 1st period - Jack Rathbone is hit by Alex Newhook and loses puck.
15:37 of 1st period - Off-side.
15:38 of 1st period - Josh Dickinson wins face-off versus Abbott Girduckis in neutral zone.
16:14 of 1st period - Rasmus Sandin is hit by Aleksi Heponiemi and loses puck.
16:22 of 1st period - Icing by Alex Biega.
16:23 of 1st period - Alex Newhook wins face-off versus Keegan Kolesar in Erie Otters zone.
16:48 of 1st period - Trent Frederic is hit by Aleksi Heponiemi and loses puck.
16:57 of 1st period - Wrist shot by Dylan McLaughlin.
16:57 of 1st period - Shot Misses the Net.
16:59 of 1st period - Slapshot by Aleksi Heponiemi.
16:59 of 1st period - Stopped by Keith Kinkaid with a rebound.
17:19 of 1st period - Wrist shot by Andy Andreoff.
17:19 of 1st period - Stopped by Laurent Brossoit with a rebound.
17:31 of 1st period - Snap shot by Keegan Kolesar.
17:31 of 1st period - Stopped by Keith Kinkaid with a rebound.
17:33 of 1st period - Wrist shot by Dominic Toninato.
17:33 of 1st period - Goal by Dominic Toninato - Sarnia Sailors : 1 - Erie Otters : 0.
17:34 of 1st period - Andy Andreoff wins face-off versus Keegan Kolesar in neutral zone.
17:42 of 1st period - Icing by Michael Eyssimont.
17:43 of 1st period - Andy Andreoff wins face-off versus Keegan Kolesar in Erie Otters zone.
17:58 of 1st period - Snap shot by Michael Eyssimont.
17:58 of 1st period - Stopped by Laurent Brossoit without a rebound.
17:59 of 1st period - Dylan McLaughlin wins face-off versus Alex Newhook in Sarnia Sailors zone.
18:08 of 1st period - Snap shot by Dylan McLaughlin.
18:08 of 1st period - Stopped by Keith Kinkaid with a rebound.
18:10 of 1st period - Snap shot by Michael Dal Colle.
18:10 of 1st period - Goal by Michael Dal Colle - Sarnia Sailors : 2 - Erie Otters : 0.
18:11 of 1st period - Alex Newhook wins face-off versus Keegan Kolesar in neutral zone.
18:16 of 1st period - Vasily Podkolzin is hit by Alex Newhook and loses puck.
18:28 of 1st period - Keegan Kolesar is hit by Alex Newhook and loses puck.
18:41 of 1st period - Michael Eyssimont is hit by Alex Vlasic and loses puck.
19:44 of 1st period - Dominic Toninato is hit by Sampo Ranta.
19:50 of 1st period - Andy Andreoff is hit by Vasily Podkolzin and loses puck.
Goals for this period are 2 for Sarnia Sailors vs 0 for Erie Otters.
Shots for this period are 9 for Sarnia Sailors vs 4 for Erie Otters.
2nd period
0:01 of 2nd period - Keegan Kolesar wins face-off versus Alex Newhook in neutral zone.
0:32 of 2nd period - Snap shot by Michael Dal Colle.
0:32 of 2nd period - Shot Blocked by Rasmus Sandin.
0:34 of 2nd period - Snap shot by Michael Dal Colle.
0:34 of 2nd period - Stopped by Keith Kinkaid with a rebound.
0:36 of 2nd period - Slapshot by Alex Vlasic.
0:36 of 2nd period - Stopped by Keith Kinkaid with a rebound.
0:38 of 2nd period - Slapshot by Michael Dal Colle.
0:38 of 2nd period - Shot Misses the Net.
0:50 of 2nd period - Backhand shot by Nick Ritchie.
0:50 of 2nd period - Shot Blocked by Aaron Luchuk.
0:52 of 2nd period - Snap shot by Seth Barton.
0:52 of 2nd period - Shot Blocked by Aaron Luchuk.
0:54 of 2nd period - Wrist shot by Nick Ritchie.
0:54 of 2nd period - Goal by Nick Ritchie - Sarnia Sailors : 3 - Erie Otters : 0.
0:55 of 2nd period - Keegan Kolesar wins face-off versus Alex Newhook in neutral zone.
1:07 of 2nd period - Snap shot by Alex Newhook.
1:07 of 2nd period - Stopped by Laurent Brossoit with a rebound.
1:21 of 2nd period - Michael Eyssimont is hit by Michael Dal Colle and loses puck.
1:48 of 2nd period - Snap shot by Nick Ritchie.
1:48 of 2nd period - Stopped by Keith Kinkaid with a rebound.
1:50 of 2nd period - Snap shot by Connor Carrick.
1:50 of 2nd period - Stopped by Keith Kinkaid without a rebound.
1:51 of 2nd period - Alex Newhook wins face-off versus Keegan Kolesar in Erie Otters zone.
1:58 of 2nd period - Snap shot by Alex Newhook.
1:58 of 2nd period - Deflect By Trent Frederic.
1:58 of 2nd period - Shot Misses the Net.
1:58 of 2nd period - Puck is out of play.
1:59 of 2nd period - Keegan Kolesar wins face-off versus Alex Newhook in Sarnia Sailors zone.
2:04 of 2nd period - Alex Petrovic is hit by Mitchell Vande Sompel and loses puck.
2:16 of 2nd period - Off-side.
2:17 of 2nd period - Dylan McLaughlin wins face-off versus Andy Andreoff in neutral zone.
3:07 of 2nd period - Wrist shot by Nick Ritchie.
3:07 of 2nd period - Deflect By Connor Carrick.
3:07 of 2nd period - Shot Misses the Net.
3:07 of 2nd period - Puck is out of play.
3:08 of 2nd period - Dylan McLaughlin wins face-off versus Aaron Luchuk in Erie Otters zone.
3:13 of 2nd period - Slapshot by Michael Dal Colle.
3:13 of 2nd period - Shot Misses the Net.
3:23 of 2nd period - Wrist shot by Aleksi Heponiemi.
3:23 of 2nd period - Stopped by Keith Kinkaid without a rebound.
3:24 of 2nd period - Alex Newhook wins face-off versus Keegan Kolesar in Erie Otters zone.
3:49 of 2nd period - Sampo Ranta is hit by Nick Ritchie and loses puck.
3:56 of 2nd period - Snap shot by Connor Carrick.
3:56 of 2nd period - Deflect By Nick Ritchie.
3:56 of 2nd period - Stopped by Keith Kinkaid with a rebound.
3:58 of 2nd period - Slapshot by Rob Hamilton.
3:58 of 2nd period - Shot Blocked by Sampo Ranta.
4:00 of 2nd period - Snap shot by Seth Barton.
4:00 of 2nd period - Stopped by Keith Kinkaid with a rebound.
4:58 of 2nd period - Snap shot by Trent Frederic.
4:58 of 2nd period - Shot Misses the Net.
5:00 of 2nd period - Slapshot by Rasmus Sandin.
5:00 of 2nd period - Stopped by Laurent Brossoit with a rebound.
5:14 of 2nd period - Ty Ronning is hit by Connor Carrick and loses puck.
5:41 of 2nd period - Slapshot by Yannick Weber.
5:41 of 2nd period - Shot Misses the Net.
6:02 of 2nd period - Aleksi Heponiemi is hit by Aaron Ness and loses puck.
6:20 of 2nd period - Off-side.
6:21 of 2nd period - Aaron Luchuk wins face-off versus Keegan Kolesar in neutral zone.
6:30 of 2nd period - Wrist shot by Vasily Podkolzin.
6:30 of 2nd period - Stopped by Keith Kinkaid with a rebound.
6:32 of 2nd period - Slapshot by Mitchell Vande Sompel.
6:32 of 2nd period - Shot Misses the Net.
6:34 of 2nd period - Wrist shot by Keegan Kolesar.
6:34 of 2nd period - Shot Hit the Post.
6:36 of 2nd period - Slapshot by Keegan Kolesar.
6:36 of 2nd period - Shot Misses the Net.
6:44 of 2nd period - Snap shot by Vasily Podkolzin.
6:44 of 2nd period - Shot Misses the Net.
6:46 of 2nd period - Snap shot by Keegan Kolesar.
6:46 of 2nd period - Goal by Keegan Kolesar - Sarnia Sailors : 4 - Erie Otters : 0.
6:46 of 2nd period - Brad Thiessen enters game.
6:47 of 2nd period - Keegan Kolesar wins face-off versus Alex Newhook in neutral zone.
7:08 of 2nd period - Paul Cotter is hit by Keegan Kolesar and loses puck.
7:15 of 2nd period - Slapshot by Alex Biega.
7:15 of 2nd period - Shot Misses the Net.
7:19 of 2nd period - Wrist shot by Trent Frederic.
7:19 of 2nd period - Stopped by Laurent Brossoit without a rebound.
7:20 of 2nd period - Dylan McLaughlin wins face-off versus Andy Andreoff in Sarnia Sailors zone.
7:24 of 2nd period - Andy Andreoff beats up Michael Dal Colle.
7:24 of 2nd period - Penalty to Andy Andreoff for Fighting.
7:24 of 2nd period - Penalty to Michael Dal Colle for Fighting.
7:25 of 2nd period - Alex Newhook wins face-off versus Keegan Kolesar in Sarnia Sailors zone.
7:32 of 2nd period - Snap shot by Alex Newhook.
7:32 of 2nd period - Shot Blocked by Alex Vlasic.
7:56 of 2nd period - Slapshot by Ty Ronning.
7:56 of 2nd period - Shot Misses the Net.
7:58 of 2nd period - Snap shot by Alex Biega.
7:58 of 2nd period - Shot Misses the Net.
8:00 of 2nd period - Slapshot by Alex Gallant.
8:00 of 2nd period - Stopped by Laurent Brossoit with a rebound.
8:02 of 2nd period - Slapshot by Alex Biega.
8:02 of 2nd period - Shot Blocked by Rob Hamilton.
8:22 of 2nd period - Snap shot by Michael Eyssimont.
8:22 of 2nd period - Deflect By Sampo Ranta.
8:22 of 2nd period - Shot Misses the Net.
8:22 of 2nd period - Puck is out of play.
8:23 of 2nd period - Alex Newhook wins face-off versus Dominic Turgeon in Sarnia Sailors zone.
8:28 of 2nd period - Slapshot by Alex Newhook.
8:28 of 2nd period - Stopped by Laurent Brossoit without a rebound.
8:29 of 2nd period - Dominic Turgeon wins face-off versus Alex Newhook in Sarnia Sailors zone.
8:55 of 2nd period - Snap shot by Dominic Toninato.
8:55 of 2nd period - Shot Misses the Net.
8:57 of 2nd period - Wrist shot by Vasily Podkolzin.
8:57 of 2nd period - Stopped by Brad Thiessen without a rebound.
8:58 of 2nd period - Keegan Kolesar wins face-off versus Ty Ronning in Erie Otters zone.
9:07 of 2nd period - Snap shot by Keegan Kolesar.
9:07 of 2nd period - Shot Misses the Net.
9:09 of 2nd period - Slapshot by Seth Barton.
9:09 of 2nd period - Shot Blocked by Michael Eyssimont.
9:11 of 2nd period - Wrist shot by Dominic Toninato.
9:11 of 2nd period - Goal by Dominic Toninato - Sarnia Sailors : 5 - Erie Otters : 0.
9:12 of 2nd period - Alex Newhook wins face-off versus Keegan Kolesar in neutral zone.
9:19 of 2nd period - Vasily Podkolzin is hit by Trent Frederic.
9:25 of 2nd period - Slapshot by Alex Vlasic.
9:25 of 2nd period - Shot Misses the Net.
9:27 of 2nd period - Slapshot by Jack Rathbone.
9:27 of 2nd period - Stopped by Brad Thiessen with a rebound.
9:37 of 2nd period - Dylan McLaughlin is hit by Alex Biega and loses puck.
9:46 of 2nd period - Slapshot by Alex Vlasic.
9:46 of 2nd period - Shot Blocked by Sampo Ranta.
9:58 of 2nd period - Snap shot by Nick Ritchie.
9:58 of 2nd period - Deflect By Ty Ronning.
9:58 of 2nd period - Stopped by Brad Thiessen with a rebound.
9:59 of 2nd period - Seth Barton beats up Alex Biega.
9:59 of 2nd period - Penalty to Alex Biega for Fighting.
9:59 of 2nd period - Penalty to Seth Barton for Fighting.
10:00 of 2nd period - Keegan Kolesar wins face-off versus Alex Newhook in Erie Otters zone.
10:03 of 2nd period - Wrist shot by Vasily Podkolzin.
10:03 of 2nd period - Stopped by Brad Thiessen with a rebound.
10:18 of 2nd period - Trent Frederic is hit by Keegan Kolesar.
10:32 of 2nd period - Snap shot by Aleksi Heponiemi.
10:32 of 2nd period - Shot Misses the Net.
10:37 of 2nd period - Off-side.
10:38 of 2nd period - Alex Newhook wins face-off versus Dylan McLaughlin in neutral zone.
10:38 of 2nd period - Trent Frederic and David Warsofsky fight to a draw.
10:38 of 2nd period - Penalty to Trent Frederic for Fighting.
10:38 of 2nd period - Penalty to David Warsofsky for Fighting.
10:38 of 2nd period - Penalty to Trent Frederic for instigated a fight.
10:38 of 2nd period - Penalty to Trent Frederic for instigated a fight.
10:39 of 2nd period - Keegan Kolesar wins face-off versus Alex Newhook in neutral zone.
10:50 of 2nd period - Backhand shot by Nick Ritchie.
10:50 of 2nd period - Shot Misses the Net.
10:52 of 2nd period - Slapshot by Yannick Weber.
10:52 of 2nd period - Shot Blocked by Rasmus Sandin.
10:54 of 2nd period - Wrist shot by Vasily Podkolzin.
10:54 of 2nd period - Shot Misses the Net.
11:42 of 2nd period - Sampo Ranta is hit by Chris Wideman.
12:02 of 2nd period - Slapshot by Chris Wideman.
12:02 of 2nd period - Shot Misses the Net.
12:24 of 2nd period - Penalty to Andy Andreoff is over, Andy Andreoff is back on ice.
12:28 of 2nd period - Alex Gallant is hit by Aleksi Heponiemi.
13:08 of 2nd period - Mitchell Vande Sompel is hit by Andy Andreoff and loses puck.
14:59 of 2nd period - Chris Wideman is hit by Andy Andreoff and loses puck.
16:33 of 2nd period - Rob Hamilton is hit by Alex Biega and loses puck.
18:43 of 2nd period - Alex Biega is hit by Yannick Weber and loses puck.
19:12 of 2nd period - Minor Penalty to Connor Carrick for Roughing.
19:13 of 2nd period - Alex Newhook wins face-off versus Dominic Toninato in Sarnia Sailors zone.
19:14 of 2nd period - Slapshot by Paul Cotter.
19:14 of 2nd period - Shot Misses the Net.
19:16 of 2nd period - Wrist shot by Paul Cotter.
19:16 of 2nd period - Goal by Paul Cotter - Sarnia Sailors : 5 - Erie Otters : 1.
19:17 of 2nd period - Keegan Kolesar wins face-off versus Alex Newhook in neutral zone.
19:26 of 2nd period - Wrist shot by Vasily Podkolzin.
19:26 of 2nd period - Shot Misses the Net.
19:42 of 2nd period - Aleksi Heponiemi is hit by Alex Biega and loses puck.
19:49 of 2nd period - Wrist shot by Aleksi Heponiemi.
19:49 of 2nd period - Stopped by Brad Thiessen with a rebound.
19:51 of 2nd period - Slapshot by Rob Hamilton.
19:51 of 2nd period - Shot Blocked by Rasmus Sandin.
19:53 of 2nd period - Slapshot by Rob Hamilton.
19:53 of 2nd period - Shot Misses the Net.
19:54 of 2nd period - Andy Andreoff and Rob Hamilton fight to a draw.
19:54 of 2nd period - Penalty to Andy Andreoff for Fighting.
19:54 of 2nd period - Penalty to Rob Hamilton for Fighting.
19:54 of 2nd period - Penalty to Andy Andreoff for instigated a fight.
19:54 of 2nd period - Penalty to Andy Andreoff for instigated a fight.
19:55 of 2nd period - Alex Newhook wins face-off versus Keegan Kolesar in Erie Otters zone.
Goals for this period are 3 for Sarnia Sailors vs 1 for Erie Otters.
Shots for this period are 16 for Sarnia Sailors vs 6 for Erie Otters.
3rd period
0:01 of 3rd period - Alex Newhook wins face-off versus Keegan Kolesar in neutral zone.
0:34 of 3rd period - Snap shot by Dominic Toninato.
0:34 of 3rd period - Stopped by Brad Thiessen with a rebound.
0:36 of 3rd period - Backhand shot by Yannick Weber.
0:36 of 3rd period - Shot Blocked by Alex Biega.
0:38 of 3rd period - Snap shot by Josh Dickinson.
0:38 of 3rd period - Shot Misses the Net.
0:52 of 3rd period - Snap shot by Michael Eyssimont.
0:52 of 3rd period - Stopped by Laurent Brossoit with a rebound.
1:19 of 3rd period - Icing by Chris Wideman.
1:20 of 3rd period - Paul Cotter wins face-off versus Keegan Kolesar in Sarnia Sailors zone.
1:21 of 3rd period - Wrist shot by Sampo Ranta.
1:21 of 3rd period - Goal by Sampo Ranta - Sarnia Sailors : 5 - Erie Otters : 2.
1:22 of 3rd period - Keegan Kolesar wins face-off versus Alex Newhook in neutral zone.
1:37 of 3rd period - Wrist shot by Keegan Kolesar.
1:37 of 3rd period - Shot Blocked by Rasmus Sandin.
1:47 of 3rd period - Josh Dickinson is hit by Alex Newhook and loses puck.
1:54 of 3rd period - Penalty to Andy Andreoff is over, Alex-Olivier Voyer is send on ice.
1:58 of 3rd period - Wrist shot by Sampo Ranta.
1:58 of 3rd period - Stopped by Laurent Brossoit with a rebound.
2:00 of 3rd period - Wrist shot by Sampo Ranta.
2:00 of 3rd period - Deflect By Michael Eyssimont.
2:00 of 3rd period - Stopped by Laurent Brossoit with a rebound.
2:02 of 3rd period - Slapshot by Alex Petrovic.
2:02 of 3rd period - Shot Blocked by Dylan McLaughlin.
2:04 of 3rd period - Slapshot by Alex Petrovic.
2:04 of 3rd period - Deflect By Michael Eyssimont.
2:04 of 3rd period - Shot Misses the Net.
2:04 of 3rd period - Puck is out of play.
2:05 of 3rd period - Dominic Turgeon wins face-off versus Ty Ronning in Sarnia Sailors zone.
2:52 of 3rd period - Snap shot by Ty Ronning.
2:52 of 3rd period - Shot Misses the Net.
2:58 of 3rd period - Adam Clendening is hit by Mitchell Vande Sompel and loses puck.
3:19 of 3rd period - Alex Biega is hit by Nick Ritchie and loses puck.
4:00 of 3rd period - Wrist shot by Dylan McLaughlin.
4:00 of 3rd period - Stopped by Brad Thiessen with a rebound.
5:04 of 3rd period - Wrist shot by Keegan Kolesar.
5:04 of 3rd period - Shot Blocked by Alex Gallant.
5:06 of 3rd period - Slapshot by Seth Barton.
5:06 of 3rd period - Deflect By Sampo Ranta.
5:06 of 3rd period - Stopped by Brad Thiessen with a rebound.
5:08 of 3rd period - Wrist shot by Keegan Kolesar.
5:08 of 3rd period - Stopped by Brad Thiessen with a rebound.
5:32 of 3rd period - Aaron Luchuk is hit by Josh Dickinson and loses puck.
5:38 of 3rd period - 10 Minutes Misconduct Penalty to Trent Frederic is over.
6:00 of 3rd period - Minor Penalty to Adam Clendening for Hooking.
6:01 of 3rd period - Keegan Kolesar wins face-off versus Alex Newhook in Erie Otters zone.
6:01 of 3rd period - Snap shot by Nick Ritchie.
6:01 of 3rd period - Stopped by Brad Thiessen without a rebound.
6:02 of 3rd period - Keegan Kolesar wins face-off versus Alex Newhook in Erie Otters zone.
6:34 of 3rd period - Slapshot by Yannick Weber.
6:34 of 3rd period - Shot Blocked by Rasmus Sandin.
6:36 of 3rd period - Snap shot by Dominic Toninato.
6:36 of 3rd period - Shot Misses the Net.
7:13 of 3rd period - Icing by Keegan Kolesar.
7:14 of 3rd period - Alex Newhook wins face-off versus Vasily Podkolzin in Sarnia Sailors zone.
7:25 of 3rd period - Snap shot by Keegan Kolesar.
7:25 of 3rd period - Goal by Keegan Kolesar - Sarnia Sailors : 6 - Erie Otters : 2.
7:26 of 3rd period - Alex Newhook wins face-off versus Keegan Kolesar in neutral zone.
7:26 of 3rd period - Trent Frederic and Keegan Kolesar fight to a draw.
7:26 of 3rd period - Penalty to Trent Frederic for Fighting.
7:26 of 3rd period - Penalty to Keegan Kolesar for Fighting.
7:27 of 3rd period - Josh Dickinson wins face-off versus Alex Newhook in neutral zone.
7:42 of 3rd period - Slapshot by Rasmus Sandin.
7:42 of 3rd period - Deflect By Jack Rathbone.
7:42 of 3rd period - Stopped by Laurent Brossoit with a rebound.
7:57 of 3rd period - Wrist shot by Dylan McLaughlin.
7:57 of 3rd period - Goal by Dylan McLaughlin - Sarnia Sailors : 7 - Erie Otters : 2.
7:58 of 3rd period - Alex Newhook wins face-off versus Josh Dickinson in neutral zone.
8:01 of 3rd period - Slapshot by Rasmus Sandin.
8:01 of 3rd period - Stopped by Laurent Brossoit without a rebound.
8:02 of 3rd period - Josh Dickinson wins face-off versus Alex Newhook in Sarnia Sailors zone.
8:08 of 3rd period - Off-side.
8:09 of 3rd period - Josh Dickinson wins face-off versus Alex Newhook in neutral zone.
8:14 of 3rd period - Slapshot by Jack Rathbone.
8:14 of 3rd period - Stopped by Brad Thiessen with a rebound.
8:16 of 3rd period - Slapshot by Jack Rathbone.
8:16 of 3rd period - Stopped by Brad Thiessen with a rebound.
8:18 of 3rd period - Wrist shot by Dominic Toninato.
8:18 of 3rd period - Shot Misses the Net.
8:20 of 3rd period - Backhand shot by Jack Rathbone.
8:20 of 3rd period - Stopped by Brad Thiessen with a rebound.
8:22 of 3rd period - Slapshot by Alex Vlasic.
8:22 of 3rd period - Shot Blocked by Rasmus Sandin.
8:24 of 3rd period - Slapshot by Alex Vlasic.
8:24 of 3rd period - Stopped by Brad Thiessen with a rebound.
8:41 of 3rd period - Snap shot by Michael Eyssimont.
8:41 of 3rd period - Stopped by Laurent Brossoit with a rebound.
8:43 of 3rd period - Snap shot by Michael Eyssimont.
8:43 of 3rd period - Shot Misses the Net.
8:45 of 3rd period - Slapshot by Alex Biega.
8:45 of 3rd period - Stopped by Laurent Brossoit with a rebound.
8:51 of 3rd period - Minor Penalty to Alex Vlasic for Hooking.
8:52 of 3rd period - Dominic Toninato wins face-off versus Alex Newhook in Sarnia Sailors zone.
9:26 of 3rd period - Snap shot by Michael Eyssimont.
9:26 of 3rd period - Goal by Michael Eyssimont - Sarnia Sailors : 7 - Erie Otters : 3.
9:27 of 3rd period - Dylan McLaughlin wins face-off versus Alex Newhook in neutral zone.
9:31 of 3rd period - Dylan McLaughlin beats up Paul Cotter.
9:31 of 3rd period - Penalty to Paul Cotter for Fighting.
9:31 of 3rd period - Penalty to Dylan McLaughlin for Fighting.
9:32 of 3rd period - Josh Dickinson wins face-off versus Alex Newhook in Erie Otters zone.
10:07 of 3rd period - Minor Penalty to Ty Ronning for Boarding.
10:08 of 3rd period - Josh Dickinson wins face-off versus Alex Newhook in Erie Otters zone.
10:10 of 3rd period - Wrist shot by Nick Ritchie.
10:10 of 3rd period - Shot Misses the Net.
10:12 of 3rd period - Snap shot by Josh Dickinson.
10:12 of 3rd period - Stopped by Brad Thiessen with a rebound.
10:14 of 3rd period - Slapshot by Yannick Weber.
10:14 of 3rd period - Stopped by Brad Thiessen with a rebound.
10:16 of 3rd period - Slapshot by Alex Vlasic.
10:16 of 3rd period - Stopped by Brad Thiessen without a rebound.
10:17 of 3rd period - Josh Dickinson wins face-off versus Alex Newhook in Erie Otters zone.
10:22 of 3rd period - Slapshot by Nick Ritchie.
10:22 of 3rd period - Shot Blocked by Rasmus Sandin.
10:24 of 3rd period - Wrist shot by Vasily Podkolzin.
10:24 of 3rd period - Shot Misses the Net.
10:26 of 3rd period - Snap shot by Yannick Weber.
10:26 of 3rd period - Deflect By Vasily Podkolzin.
10:26 of 3rd period - Shot Misses the Net.
10:26 of 3rd period - Puck is out of play.
10:27 of 3rd period - Alex Newhook wins face-off versus Josh Dickinson in Erie Otters zone.
10:27 of 3rd period - Alex Newhook is hit by Nick Ritchie.
12:07 of 3rd period - Penalty to Ty Ronning is over, Ty Ronning is back on ice.
12:29 of 3rd period - Aaron Ness is hit by Nick Ritchie and loses puck.
12:34 of 3rd period - Snap shot by Nick Ritchie.
12:34 of 3rd period - Stopped by Brad Thiessen with a rebound.
13:02 of 3rd period - David Warsofsky is hit by Aaron Ness.
13:21 of 3rd period - Icing by Seth Barton.
13:22 of 3rd period - Aaron Luchuk wins face-off versus Josh Dickinson in Sarnia Sailors zone.
14:54 of 3rd period - 10 Minutes Misconduct Penalty to Andy Andreoff is over.
15:50 of 3rd period - Alex Newhook is hit by Nick Ritchie and loses puck.
15:57 of 3rd period - Dominic Turgeon is hit by Trent Frederic and loses puck.
17:48 of 3rd period - Wrist shot by Yannick Weber.
17:48 of 3rd period - Deflect By Nick Ritchie.
17:48 of 3rd period - Shot Misses the Net.
17:48 of 3rd period - Puck is out of play.
17:49 of 3rd period - Andy Andreoff wins face-off versus Nick Ritchie in Erie Otters zone.
18:18 of 3rd period - Snap shot by Dominic Toninato.
18:18 of 3rd period - Stopped by Brad Thiessen with a rebound.
18:24 of 3rd period - Wrist shot by Keegan Kolesar.
18:24 of 3rd period - Stopped by Brad Thiessen with a rebound.
18:41 of 3rd period - Off-side.
18:42 of 3rd period - Sampo Ranta wins face-off versus Dylan McLaughlin in neutral zone.
18:55 of 3rd period - Wrist shot by Dylan McLaughlin.
18:55 of 3rd period - Stopped by Brad Thiessen without a rebound.
18:56 of 3rd period - Keegan Kolesar wins face-off versus Paul Cotter in Erie Otters zone.
19:05 of 3rd period - Wrist shot by Keegan Kolesar.
19:05 of 3rd period - Shot Misses the Net.
19:07 of 3rd period - Wrist shot by Vasily Podkolzin.
19:07 of 3rd period - Shot Blocked by Rasmus Sandin.
19:09 of 3rd period - Slapshot by Alex Vlasic.
19:09 of 3rd period - Stopped by Brad Thiessen with a rebound.
19:11 of 3rd period - Slapshot by Dominic Toninato.
19:11 of 3rd period - Stopped by Brad Thiessen with a rebound.
19:28 of 3rd period - Wrist shot by Aleksi Heponiemi.
19:28 of 3rd period - Deflect By Michael Dal Colle.
19:28 of 3rd period - Shot Misses the Net.
19:28 of 3rd period - Puck is out of play.
19:29 of 3rd period - Andy Andreoff wins face-off versus Dominic Toninato in Erie Otters zone.
19:29 of 3rd period - Andy Andreoff is hit by Rob Hamilton.
19:41 of 3rd period - Snap shot by Keegan Kolesar.
19:41 of 3rd period - Shot Misses the Net.
19:43 of 3rd period - Snap shot by Keegan Kolesar.
19:43 of 3rd period - Stopped by Brad Thiessen with a rebound.
19:55 of 3rd period - Rob Hamilton is hit by Trent Frederic and loses puck.
Goals for this period are 2 for Sarnia Sailors vs 2 for Erie Otters.
Shots for this period are 21 for Sarnia Sailors vs 9 for Erie Otters.
Back to the Top